 Dungeon Crawl Stone Soup version 0.27.1-33-g824d729ab1 (webtiles) character file.

Game seed: 11153918099959394792

371 jlumianski the Chopper (level 6, -3/39 HPs)
             Began as a Gargoyle Monk on Dec 13, 2021.
             Killed by divine providence
             ... invoked by an orc priest
              (14 damage)
             ... on level 5 of the Dungeon.
             The game lasted 00:11:17 (4410 turns).

jlumianski the Chopper (Gargoyle Monk)              Turns: 4410, Time: 00:11:17

Health: -3/39      AC: 16    Str: 17    XL:     6   Next: 71%
Magic:  6/6        EV:  1    Int: 10    God:
Gold:   150        SH: 14    Dex: 12    Spells: 5/5 levels left

rFire    . . .     SeeInvis .   a - +0 hand axe (elec)
rCold    . . .     Faith    .   h - +2 tower shield
rNeg     + . .     Spirit   .   d - +0 plate armour
rPois    ∞         Reflect  .   r - +0 helmet
rElec    +         Harm     .   (no cloak)
rCorr    .         Rampage  .   (no gloves)
Will     .....                  (no boots)
Stlth    ..........             (no amulet)
HPRegen  0.13/turn              (no ring)
MPRegen  0.10/turn              (no ring)

@: no status effects
A: sickness immunity, AC +4, negative energy resistance 1, electricity
resistance, torment resistance 1, petrification resistance
a: no special abilities


You were on level 5 of the Dungeon.
You visited 1 branch of the dungeon, and saw 5 of its levels.

You collected 150 gold pieces.

Inventory:

Hand Weapons
 a - a +0 hand axe of electrocution (weapon)
 n - a +4 dagger
Missiles
 i - 72 bolts
 k - 180 stones (quivered)
 q - 7 atropa-tipped darts
 s - 27 poisoned darts
Armour
 b - a +0 robe
 d - a +0 plate armour (worn)
 e - a +0 scale mail
 h - a +2 tower shield (worn)
 j - a +0 ring mail
 p - a +0 scale mail
 r - a +0 helmet (worn)
Scrolls
 g - a scroll of fog
 l - a scroll of noise
 m - a scroll of identify
 t - a scroll of amnesia
Potions
 c - a potion of mutation
 f - 3 potions of degeneration
 o - a potion of haste


   Skills:
 + Level 4.3 Fighting
 + Level 5.1 Axes
 + Level 2.8 Armour
 + Level 2.6 Dodging
 + Level 2.2 Stealth
 + Level 1.8 Shields


You had 5 spell levels left.
You didn't know any spells.
Your spell library contained the following spells:

 Spells                   Type           Power      Damage    Failure   Level
 Call Canine Familiar     Summ           0%         N/A       100%        3
 Portal Projectile        Hex/Tloc       0%         N/A       100%        3
 Leda's Liquefaction      Hex/Erth       0%         N/A       100%        4


Dungeon Overview and Level Annotations

Branches:
Dungeon (5/15)
 Temple: D:4-7

Altars:
Dithmenos
Wu Jian


Innate Abilities, Weirdness & Mutations

You are immune to sickness and miasma.
Your stone body is resilient. (AC +4)
You are immune to poison.
You resist negative energy. (rN+)
You are resistant to electric shocks. (rElec)
You are resistant to unholy torment.
You are immune to petrification.


Message History

Beogh smites you!
There is a stone staircase leading up here.
The shadow imp hits you.
You climb upwards.
There is a stone staircase leading down here.
You hit the shadow imp.
Lightning courses through the shadow imp!
You kill the shadow imp!
You see here a +0 hand axe.
There is a stone staircase leading down here.
You start resting.
HP restored.
You climb downwards.
There is a stone staircase leading up here.
You hit the orc priest.
The orc priest is moderately wounded.
The orc priest invokes the aid of Beogh against you.
Pain shoots through your body!
The orc priest invokes the aid of Beogh against you.
Beogh smites you!
You slash the orc priest!
The orc priest is severely wounded.
The orc priest calls down the wrath of Beogh upon you.
Beogh smites you!
* * * LOW HITPOINT WARNING * * *
Okay, then.
Unknown command.
Unknown command.
Okay, then.
Unknown command.
Unknown command.
You closely miss the orc priest.
The orc priest is severely wounded.
You block the orc priest's attack.
The orc priest hits you but does no damage.
Your shield and plate armour prevent you from hitting the orc priest.
The orc priest is severely wounded.
The orc priest calls down the wrath of Beogh upon you.
Beogh smites you!
You die...

#....#.#.....#
#.##.#.....#.#
#.##.####..#.#####
#................#
####....####.###.#
####.# #.#.#.#
#.####.#...#
#.#...o#.###
#.##.#@#.#
#.##.#.#.#
#....#...#
######.### #.# ###


You could see an orc priest.

Vanquished Creatures
  A sky beast (D:2)
  A hound (D:3)
  Ijyb (D:3)
  A bullfrog skeleton (D:4)
  An iguana (D:4)
  A hound skeleton (D:4)
  8 adders
  A shadow imp (D:4)
  A worm (D:2)
  2 dart slugs
  2 orcs (D:4)
  7 endoplasms
  5 giant cockroaches
  4 goblins
  3 hobgoblins
  8 jackals
  5 quokkas
  4 ball pythons
  3 bats
  3 frilled lizards
  7 kobolds
  6 rats
75 creatures vanquished.

Vanquished Creatures (others)
  A fungus (D:4)
1 creature vanquished.

Grand Total: 76 creatures vanquished

Notes
Turn   | Place    | Note
-------+----------+-------------------------------------------
     0 | D:1      | jlumianski the Gargoyle Monk began the quest for the Orb.
     0 | D:1      | Reached XP level 1. HP: 14/14 MP: 1/1
   238 | D:1      | Reached skill level 3 in Axes
   238 | D:1      | Reached XP level 2. HP: 13/19 MP: 2/2
   732 | D:3      | Reached XP level 3. HP: 20/23 MP: 3/3
  1190 | D:3      | Reached XP level 4. HP: 26/29 MP: 4/4
  1289 | D:2      | Found an ornate altar of the Wu Jian Council.
  1450 | D:1      | Reached skill level 1 in Armour
  2178 | D:3      | Reached skill level 4 in Axes
  2252 | D:3      | Reached XP level 5. HP: 27/33 MP: 5/5
  2419 | D:3      | Noticed Ijyb
  2424 | D:3      | Noticed a sky beast
  2477 | D:2      | Killed a sky beast
  2478 | D:2      | Reached skill level 5 in Axes
  2478 | D:2      | Reached XP level 6. HP: 23/38 MP: 6/6
  2607 | D:3      | Killed Ijyb
  3018 | D:3      | Found a faded altar of an unknown god.
  3293 | D:4      | Reached skill level 1 in Shields
  3316 | D:4      | Found a shadowy altar of Dithmenos.
  4051 | D:5      | Entered Level 5 of the Dungeon
  4410 | D:5      | Killed from afar by an orc priest

Illustrated notes

Levels and vault maps discovered:
D:1:      dpeg_arrival_concentric_ovals, layout_basic
D:2:      layout_rooms, basic_altar
D:3:      layout_loops_ring, shapermc_ecumenical_altar_venn, uniq_ijyb
D:4:      layout_cave_pods, mainiacjoe_overflow_boulevard
D:5:      lemuel_ratsnest, layout_basic, kennysheep_little_box

Skill      XL: |  1  2  3  4  5  6 |
---------------+-------------------+-----
Axes           | 3 4 5 |  5.1
Armour         | 1 2 |  2.8
Fighting       | 4 |  4.3
Shields        | 1 |  1.8
Dodging        | |  2.6
Stealth        | |  2.2

Action                   |  1- 3 |  4- 6 || total
-------------------------+-------+-------++-------
Melee: Hand axe          |   128 |   187 ||   315
Throw: Stone             |       |     3 ||     3
  Use: Scroll            |       |     8 ||     8
       Potion            |       |     4 ||     4
Armor: Plate armour      |   133 |   126 ||   259
Dodge: Dodged            |    35 |    41 ||    76
Block: Tower shield      |       |    48 ||    48
